 Dungeon Crawl Stone Soup version 0.22-a0-392-g5dc3fd9 (webtiles) character file.

58 4thArraOfDagon the Firebug (level 3, -2/26 HPs)
             Began as a Centaur Fire Elementalist on May 2, 2018.
             Slain by a gnoll
             ... wielding a +0 flail
              (8 damage)
             ... on level 5 of the Dungeon.
             The game lasted 00:03:02 (598 turns).

4thArraOfDagon the Firebug (CeFE)                    Turns: 598, Time: 00:03:03

Health: -2/26      AC:  4    Str: 10    XL:     3   Next: 76%
Magic:  1/6        EV:  9    Int: 15    God:
Gold:   72         SH:  0    Dex:  9    Spells: 2/6 levels left

rFire    . . .     SeeInvis .   h - +1 whip (elec)
rCold    . . .     Gourm    .   (no shield)
rNeg     . . .     Faith    .   a - +0 robe
rPois    .         Spirit   .   (no helmet)
rElec    .         Reflect  .   (no cloak)
rCorr    .         Harm     .   (no gloves)
MR       .....                  (no barding)
Stlth    +.........             (no amulet)
HPRegen  0.08/turn              (no ring)
MPRegen  0.10/turn              (no ring)

@: berserk cooldown, very slightly contaminated, slowed
A: large, hooves 3, deformed body, speed 2, tough skin 3
a: no special abilities


You were on level 5 of the Dungeon.
You were not hungry.

You visited 1 branch of the dungeon, and saw 5 of its levels.

You collected 72 gold pieces.

Inventory:

Hand Weapons
 h - a +1 whip of electrocution (weapon)
Armour
 a - a +0 robe (worn)
Scrolls
 f - a scroll of fear {unknown}
 j - a scroll of identify {unknown}
Potions
 b - a potion of curing {unknown}
 e - a potion of degeneration {unknown}
 i - a potion of cancellation {unknown}
 k - a potion of agility {unknown}
 m - a potion of brilliance {unknown}
Comestibles
 c - a ration
 l - 2 chunks of flesh


   Skills:
 - Level 1.3 Dodging
 - Level 1.1 Stealth
 + Level 2.0 Spellcasting
 * Level 2.1 Conjurations
 * Level 3.4 Fire Magic


You had 2 spell levels left.
You knew the following spells:

 Your Spells              Type           Power        Failure   Level  Hunger
a - Flame Tongue          Conj/Fire      #....        7%          1    #......
b - Conjure Flame         Conj/Fire      #.......     22%         3    ###....


Dungeon Overview and Level Annotations

Branches:
Dungeon (5/15)
 Temple: D:4-7

Altars:


Innate Abilities, Weirdness & Mutations

You have hooves in place of feet.
Armour fits poorly on your strangely shaped body.
You cover ground very quickly.
You have extremely tough skin. (AC +3)


Message History

Unknown command.
Unknown command.
Unknown command.
Unknown command.
It was a potion of berserk rage.
A red film seems to cover your vision as you go berserk!
You feel yourself moving faster!
You feel mighty!
Unknown command.
You feel a strong urge to attack something.
Unknown command.
Unknown command.
You feel your anger nearly subside.
Unknown command.
You are no longer berserk.
You are exhausted.
You feel yourself slow down.
There is a stone staircase leading up here.
Unknown command.
The gnoll hits you with a flail!
You die...

######### ########
........# #......#
........# #.####.#
.#......#####.#.@#.#
........##......gg.#
.........'.........###
#.......##......g..g.#
........##........##.#
........###..........#
.#g.....#
#.....g.#####***
...######
#.............,* .##*
##..##........,*


You could see 5 gnolls.

Vanquished Creatures
  A worker ant (D:5)
  2 adders
  2 leopard geckos
  2 bats
  2 giant cockroaches (D:2)
  3 jackals
  A quokka (D:2)
  2 kobolds
  2 rats
17 creatures vanquished.

Notes
Turn   | Place    | Note
-------+----------+-------------------------------------------
     0 | D:1      | 4thArraOfDagon the Centaur Fire Elementalist began the quest for the Orb.
     0 | D:1      | Reached XP level 1. HP: 14/14 MP: 3/3
    13 | D:1      | Reached skill level 1 in Conjurations
   231 | D:2      | Reached XP level 2. HP: 17/20 MP: 0/4
   310 | D:2      | Reached skill level 3 in Fire Magic
   417 | D:3      | Reached XP level 3. HP: 22/26 MP: 1/5
   422 | D:3      | Learned a level 3 spell: Conjure Flame
   534 | D:5      | Entered Level 5 of the Dungeon
   598 | D:5      | Slain by a gnoll

Vault maps used:
D:1:      erik_arrival_triangle_medium
D:3:      kennysheep_potato, uniq_robin
D:4:      grunt_temple_overflow_gold_and_silver, temple_fountains,
          roderic_batcave, uniq_natasha
D:5:      gammafunk_temple_overflow_pools, first_ration, minmay_misc_feat_five,
          chequers_big_river, elyvilon_altar_5, uniq_eustachio, uniq_sigmund

Skill      XL: |  1  2  3 |
---------------+----------+-----
Conjurations   | 1 2 |  2.1
Fire Magic     | 3 |  3.4
Spellcasting   | 2 |  2.0
Dodging        | |  1.3
Stealth        | |  1.1

Action                   || total
-------------------------++-------
Melee: Unarmed           ||    12
       Kick              ||     5
       Whip              ||    19
 Cast: Flame Tongue      ||    27
  Use: Scroll            ||     1
       Potion            ||     1
Armor: Robe              ||    29
Dodge: Dodged            ||    38

Table legend:
 A = Spawn XP
 B = Non-spawn XP
 C = Spawn XP percentage of total XP
 D = Spawn monster count
 E = Non-spawn monster count
 F = Spawn count percentage of total count
 G = Total turns spent on level
                    A         B        C        D         E        F      G
               +---------+---------+-------+---------+---------+-------+---------
         Total |       0 |      84 |   0.0 |       0 |      17 |   0.0 |   598
               +---------+---------+-------+---------+---------+-------+---------
           D:1 |       0 |       4 |   0.0 |       0 |       2 |   0.0 |   117
           D:2 |       0 |      27 |   0.0 |       0 |       9 |   0.0 |   268
           D:3 |       0 |      21 |   0.0 |       0 |       5 |   0.0 |   133
           D:5 |       0 |      32 |   0.0 |       0 |       1 |   0.0 |    64
               +---------+---------+-------+---------+---------+-------+---------
